 Dungeon Crawl Stone Soup version 0.23-a0-419-g0174fd8 (webtiles) character file.

550 nethax the Shield-Bearer (level 7, -5/62 HPs)
             Began as a Minotaur Fighter on Nov 11, 2018.
             Was a Follower of Okawaru.
             Blown up by Pikel (14 damage)
             ... with a wand of disintegration (9)
             ... on level 4 of the Dungeon.
             The game lasted 00:12:07 (3341 turns).

nethax the Shield-Bearer (Minotaur Fighter)         Turns: 3341, Time: 00:12:08

Health: -5/62      AC:  8    Str: 27    XL:     7   Next: 7%
Magic:  4/6        EV: 11    Int:  5    God:    Okawaru [*.....]
Gold:   190        SH: 12    Dex: 10    Spells: 6/6 levels left

rFire    . . .     SeeInvis .   a - +0 war axe
rCold    . . .     Gourm    .   c - +0 shield
rNeg     . . .     Faith    .   u - +0 scale mail (curse)
rPois    .         Spirit   .   (helmet restricted)
rElec    .         Reflect  .   (no cloak)
rCorr    .         Harm     .   (no gloves)
MR       .....                  (no boots)
Stlth    +.........             (no amulet)
HPRegen  0.20/turn              (no ring)
MPRegen  0.10/turn              (no ring)

@: mighty, heroism, drained
A: retaliatory headbutt, horns 2
a: Heroism, Renounce Religion


You were on level 4 of the Dungeon.
You worshipped Okawaru.
Okawaru was aware of your devotion.
You were not hungry.

You visited 1 branch of the dungeon, and saw 4 of its levels.

You collected 190 gold pieces.

Inventory:

Hand Weapons
 a - a +0 war axe (weapon)
 y - a +2 short sword of draining
   (You took it off Duvessa on level 4 of the Dungeon)
Missiles
 g - 79 stones (quivered)
 r - 55 sling bullets
 x - 7 curare-tipped needles {!f}
Armour
 b - a +0 scale mail
 c - a +0 shield (worn)
 u - a cursed +0 scale mail (worn)
   (You found it on level 4 of the Dungeon)
Jewellery
 i - an uncursed ring of positive energy {unknown}
   (You found it on level 1 of the Dungeon)
 o - a +4 amulet of reflection {unknown}
   (You found it on level 2 of the Dungeon)
 w - a cursed amulet of inaccuracy {unknown}
   (You found it on level 3 of the Dungeon)
Scrolls
 j - 3 scrolls of teleportation {unknown}
 l - 3 scrolls of identify {unknown}
 m - a scroll of blinking {unknown}
 n - 4 scrolls of remove curse {unknown}
 q - a scroll of enchant weapon {unknown}
 v - a scroll of fog {unknown}
 A - a scroll of fear {unknown}
 B - a scroll of enchant armour {unknown}
Potions
 d - a potion of might
 f - a potion of resistance {unknown}
 h - 2 potions of curing {unknown}
 k - a potion of magic {unknown}
 p - a potion of degeneration {unknown}
 s - a potion of invisibility {unknown}
 t - 3 potions of flight {unknown}
 C - a potion of cancellation {unknown}
Comestibles
 e - 15 rations {!d}
 z - 3 chunks of flesh


   Skills:
 + Level 5.7(9.9) Fighting
 + Level 5.0(9.2) Axes
 + Level 5.7(9.9) Armour
 + Level 5.8(9.9) Shields


You had 6 spell levels left.
You didn't know any spells.
Your spell library was empty.

Dungeon Overview and Level Annotations

Branches:
Dungeon (4/15)
 Temple: D:4-7

Altars:
Ashenzari
Dithmenos
Gozag
Okawaru
Ru
Vehumet
Yredelemnul

Annotations:
D:4 Pikel


Innate Abilities, Weirdness & Mutations

You reflexively headbutt those who attack you in melee.
You have a pair of horns on your head.


Message History

You furiously retaliate!
You headbutt the worker ant, but do no damage.
You slash the worker ant! Your headbutt misses the worker ant.
The worker ant bites you but does no damage.
The worker ant closely misses you.
You hit the worker ant.
You kill the worker ant!
Okawaru accepts your kill.
You open the door.
There is an open door here. 2 slaves and Pikel come into view.
Pikel is wielding a +1 whip of flaming.
Pikel shouts!
The slave shouts!
You hear a shout! x2
Found a sacrificial altar of Ru.
An adder and a slave come into view.
The slave shouts!
The adder hisses angrily.
The slave hits you but does no damage.
Pikel drinks a potion.
Pikel seems to grow stronger.
A slave comes into view.
You hit the slave. You headbutt the slave! The slave hits you.
You closely miss the slave. The slave hits you.
You hit the slave but do no damage. Your headbutt misses the slave.
You block the slave's attack.
You barely miss Pikel.
Pikel zaps a wand.
You struggle to resist.
You barely miss Pikel. Your headbutt misses Pikel.
Pikel zaps a wand.
You are blasted!
You hit Pikel but do no damage.
Pikel hits you with a +1 whip of flaming.
* * * LOW HITPOINT WARNING * * *
Pikel burns you.
* * * LOW HITPOINT WARNING * * *
You block Pikel's attack.
You miss Pikel. You block Pikel's attack.
You feel very mighty all of a sudden.
Pikel zaps a wand.
You are blasted!
* * * LOW HITPOINT WARNING * * *
You miss Pikel. Your headbutt misses Pikel. You block Pikel's attack.
Okay, then.
You gain the combat prowess of a mighty hero.
Pikel zaps a wand.
You are blasted!
* * * LOW HITPOINT WARNING * * *
You slash Pikel!
Pikel zaps a wand.
You are blasted!
You die...

# ######...#
#.Kpp.S_..
#@##p#...#
#.# # # # #.#
..# # #.# #.#
#
#.#####.#####
#.##........#
#...........#
####........#
#........#


You could see Pikel, 2 slaves and an adder.

Vanquished Creatures
  Duvessa (D:4)
  An ogre (D:4)
  Dowan (D:4)
  A hound (D:4)
  A gnoll shaman (D:4)
  An orc wizard (D:4)
  A worker ant (D:4)
  3 gnolls (D:4)
  7 adders
  2 oozes
  5 worms
  3 dart slugs
  3 leopard geckos
  6 orcs
  3 ball pythons (D:2)
  5 bats
  4 giant cockroaches
  10 goblins
  10 hobgoblins
  3 quokkas
  3 frilled lizards
  9 kobolds
  4 rats
87 creatures vanquished.

Notes
Turn   | Place    | Note
-------+----------+-------------------------------------------
     0 | D:1      | nethax the Minotaur Fighter began the quest for the Orb.
     0 | D:1      | Reached XP level 1. HP: 19/19 MP: 0/0
   194 | D:1      | Reached XP level 2. HP: 27/27 MP: 1/1
   595 | D:2      | Reached XP level 3. HP: 33/33 MP: 2/2
   772 | D:2      | Found an iron altar of Okawaru.
   779 | D:2      | Became a worshipper of Warmaster Okawaru
   858 | D:2      | Reached XP level 4. HP: 37/40 MP: 3/3
  1015 | D:2      | Found a shattered altar of Ashenzari.
  1171 | D:2      | Found an opulent altar of Gozag.
  2135 | D:3      | Found a shadowy altar of Dithmenos.
  2137 | D:3      | Reached XP level 5. HP: 41/47 MP: 4/4
  2318 | D:3      | Found a basalt altar of Yredelemnul.
  2414 | D:4      | Noticed Duvessa
  2415 | D:4      | Noticed Dowan
  2424 | D:4      | Killed Dowan
  2425 | D:4      | Killed Duvessa
  2425 | D:4      | Reached * piety under Okawaru
  2425 | D:4      | Reached skill level 5 in Fighting
  2425 | D:4      | Reached skill level 5 in Armour
  2425 | D:4      | Reached skill level 5 in Shields
  2425 | D:4      | Reached XP level 6. HP: 23/56 MP: 5/5
  2732 | D:4      | Found Tuitec's Antique Weapon Shop.
  3147 | D:4      | Reached skill level 5 in Axes
  3147 | D:4      | Reached XP level 7. HP: 54/62 MP: 6/6
  3224 | D:4      | Found a radiant altar of Vehumet.
  3328 | D:4      | Found a sacrificial altar of Ru.
  3328 | D:4      | Noticed Pikel
  3341 | D:4      | Blown up by Pikel

Vault maps used:
D:1:      saegor_arrival_miasma, chequers_big_river
D:2:      grunt_gozag_statues, okawaru_ov_weapons_minmay, ashenzari_altar_1,
          first_ration, grunt_ministairs_14
D:3:      nicolae_dithmenos_shadow_blocks, yredelemnul_altar_generic
D:4:      nicolae_overflow_crystal_walls, kennysheep_mini_moat, serial_shops,
          shop, uniq_pikel, uniq_duvessa, uniq_blork_the_orc

Skill      XL: |  1  2  3  4  5  6 |
---------------+-------------------+-----
Armour         | 4 5 |  5.7
Fighting       | 4 5 |  5.7
Axes           | 3 4 5 |  5.0
Shields        | 4 5 |  5.8

Action                   |  1- 3 |  4- 6 |  7- 9 || total
-------------------------+-------+-------+-------++-------
Melee: War axe           |    75 |   151 |    13 ||   239
       Headbutt          |     6 |    27 |     1 ||    34
Invok: Heroism           |       |       |     1 ||     1
  Use: Potion            |       |     1 |     1 ||     2
  Eat: Chunk             |       |     7 |     1 ||     8
Armor: Scale mail        |    46 |    60 |     3 ||   109
Dodge: Dodged            |    24 |    54 |     3 ||    81
Block: Shield            |    42 |    88 |     4 ||   134

Table legend:
 A = Non-vault XP
 B = Vault XP
 C = Vault XP percentage of total XP
 D = Non-vault monster count
 E = Vault monster count
 F = Vault count percentage of total count
                 A         B        C        D         E       F
            +---------+---------+-------+---------+---------+-------
      Total |     574 |     213 |  27.1 |      83 |       4 |   4.6
            +---------+---------+-------+---------+---------+-------
        D:1 |      32 |       0 |   0.0 |      15 |       0 |   0.0
        D:2 |     105 |       2 |   1.9 |      28 |       2 |   6.7
        D:3 |      76 |       0 |   0.0 |      24 |       0 |   0.0
        D:4 |     361 |     211 |  36.9 |      16 |       2 |  11.1
            +---------+---------+-------+---------+---------+-------
